 Dungeon Crawl Stone Soup version 0.28.0-49-g6dfe1f597d (webtiles) character file.

Game seed: 2098828308395055404

268 H0rd4k the Charlatan (level 6, -2/44 HPs)
             Began as a Human Artificer on May 11, 2022.
             Slain by an orc priest
             ... wielding a +0 hand axe
              (6 damage)
             ... on level 4 of the Dungeon.
             The game lasted 00:04:24 (5855 turns).

H0rd4k the Charlatan (Human Artificer)              Turns: 5855, Time: 00:04:25

Health: -2/44      AC:  3    Str: 12    XL:     6   Next: 45%
Magic:  6/6        EV: 12    Int: 13    God:
Gold:   185        SH:  5    Dex: 14    Spells: 5/5 levels left

rFire   . . .      SeeInvis .   s - +2 falchion (holy)
rCold   . . .      Faith    .   (no shield)
rNeg    . . .      Spirit   .   b - +0 leather armour
rPois   .          Reflect  +   (no helmet)
rElec   .          Harm     .   (no cloak)
rCorr   .          Rampage  .   (no gloves)
Will    .....                   (no boots)
Stlth   ++........              q - amulet of reflection
HPRegen 0.14/turn               (no ring)
MPRegen 0.10/turn               (no ring)

@: no status effects
A: no striking features
a: no special abilities


You were on level 4 of the Dungeon.
You visited 1 branch of the dungeon, and saw 4 of its levels.

You collected 185 gold pieces.

Inventory:

Hand Weapons
 a - a +0 club
 s - a +2 falchion of holy wrath (weapon)
 v - a +1 short sword of electrocution
Missiles
 r - a throwing net
Armour
 b - a +0 leather armour (worn)
Jewellery
 q - an amulet of reflection (around neck)
Wands
 d - a wand of charming (15)
Scrolls
 f - 3 scrolls of identify {unknown}
 g - a scroll of teleportation {unknown}
 h - 2 scrolls of amnesia {unknown}
 k - 2 scrolls of silence {unknown}
 m - a scroll of enchant armour {unknown}
 p - 2 scrolls of noise {unknown}
 t - a scroll of fog {unknown}
 w - a scroll of fear {unknown}
Potions
 c - a potion of haste {unknown}
 i - a potion of lignification {unknown}
 j - 3 potions of curing {unknown}
 l - a potion of might {unknown}
 n - a potion of degeneration {unknown}
 o - 2 potions of magic {unknown}
 u - a potion of cancellation {unknown}
 x - a potion of attraction {unknown}
 z - a potion of brilliance {unknown}
Miscellaneous
 e - a piece from Xom's chessboard (15/15)


   Skills:
 + Level 1.9 Fighting
 + Level 2.1 Long Blades
 + Level 1.9 Maces & Flails
 + Level 3.1 Armour
 + Level 2.1 Dodging
 + Level 1.9 Stealth
 + Level 1.6 Shields
 + Level 3.7 Evocations


You had 5 spell levels left.
You didn't know any spells.
Your spell library contained the following spells:

 Spells                   Type           Power      Damage    Failure   Level
 Shock                    Conj/Air       0%         1d3       36%         1
 Gell's Gravitas          Tloc           0%         N/A       75%         3
 Lesser Beckoning         Tloc           0%         N/A       75%         3
 Swiftness                Air            0%         N/A       75%         3
 Teleport Other           Tloc           0%         N/A       75%         3
 Airstrike                Air            0%         N/A       98%         4


Dungeon Overview and Level Annotations

Branches:
Dungeon (4/15)
 Temple: D:4-7

Altars:
Xom

Annotations:
D:3 1 runed translucent door, exclusions: door and downstairs, Crazy Yiuf


Message History

You hit the orc.
The orc is heavily wounded.
The orc closely misses you.
The orc priest looks braver for a moment.
You hit the orc.
You kill the orc!
The orc misses you.
The orc priest looks braver for a moment.
You slash the orc!
You kill the orc!
Things that are here:
a +0 falchion; a +0 mace; an orc corpse The orc priest hits you with a +0 hand axe.
You closely miss the orc priest.
The orc priest mumbles some strange prayers to Beogh against you.
Beogh smites you!
The orc priest hits you with a +0 hand axe.
You are too injured to fight recklessly!
You are too injured to fight recklessly!
You are too injured to fight recklessly!
You are too injured to fight recklessly!
You are too injured to fight recklessly!
You are too injured to fight recklessly!
You are too injured to fight recklessly!
You completely miss the orc priest. You block the orc priest's attack.
You hit the orc priest but do no damage.
The orc priest hits you with a +0 hand axe.
You hit the orc priest.
The orc priest is heavily wounded.
The orc priest misses you.
You closely miss the orc priest.
The orc priest is heavily wounded.
The orc priest invokes the aid of Beogh against you.
Beogh smites you!
* * * LOW HITPOINT WARNING * * *
You hit the orc priest.
The orc priest is severely wounded.
The orc priest barely misses you.
The orc priest hits you with a +0 hand axe.
You die...

#....# #....# #....#
#....# #....# #....#
####### #...o# #.....#
#...@# #.....# #..))#
#.....#
#....##########.....#
#.................###
#.................#..
#.................'..
#.................###
#....#########'######
..)...#.............'.


You could see an orc priest.

Vanquished Creatures
  An ice beast (D:4)
  A hound (D:4)
  A hound skeleton (D:4)
  6 adders
  A worm (D:2)
  A dart slug (D:1)
  8 orcs
  5 ball pythons
  12 endoplasms
  2 giant cockroaches
  8 goblins
  5 hobgoblins
  2 quokkas (D:2)
  5 bats
  2 frilled lizards
  3 kobolds
  4 rats
67 creatures vanquished.

Notes
Turn   | Place    | Note
-------+----------+-------------------------------------------
     0 | D:1      | H0rd4k the Human Artificer began the quest for the Orb.
     0 | D:1      | Reached XP level 1. HP: 15/15 MP: 1/1
   923 | D:1      | Reached XP level 2. HP: 14/21 MP: 2/2
  1931 | D:2      | Found a shimmering altar of Xom.
  1953 | D:2      | Reached XP level 3. HP: 19/26 MP: 3/3
  2125 | D:2      | Reached skill level 1 in Maces & Flails
  2564 | D:2      | Reached XP level 4. HP: 32/32 MP: 4/4
  4126 | D:3      | Found a faded altar of an unknown god.
  4142 | D:3      | Found a faded altar of an unknown god.
  4278 | D:3      | Found a runed translucent door.
  4279 | D:3      | Noticed Crazy Yiuf
  4524 | D:4      | Noticed an ice beast
  4593 | D:3      | Reached XP level 5. HP: 30/37 MP: 5/5
  4757 | D:4      | Reached skill level 1 in Shields
  4904 | D:4      | Killed an ice beast
  4905 | D:4      | Reached skill level 1 in Long Blades
  4905 | D:4      | Reached XP level 6. HP: 5/44 MP: 6/6
  5855 | D:4      | Slain by an orc priest

Illustrated notes

Levels and vault maps discovered:
D:1:      dpeg_arrival_another_circle, layout_loops_corners,
          chequers_mini_garden
D:2:      minmay_general_purpose_star, layout_loops_ring, basic_altar
D:3:      layout_rooms, hellmonk_ecumenical_altar_the_god_not_taken,
          uniq_crazy_yiuf_cottage
D:4:      layout_gridville, chequers_serial_rivers_large_b

Skill      XL: |  1  2  3  4  5  6 |
---------------+-------------------+-----
Maces & Flails | 1 |  1.9
Shields        | 1 |  1.6
Long Blades    | 1 2 |  2.1
Dodging        | 2 |  2.1
Armour         | 3 |  3.1
Fighting       | |  1.9
Stealth        | |  1.9
Evocations     | |  3.7

Action                   |  1- 3 |  4- 6 || total
-------------------------+-------+-------++-------
Melee: Club              |   119 |   106 ||   225
       Punch             |     1 |     5 ||     6
       Falchion          |       |    83 ||    83
Evoke: Wand              |     8 |     7 ||    15
 Stab: Sleeping          |     4 |     3 ||     7
Armor: Leather armour    |    35 |    95 ||   130
Dodge: Dodged            |    85 |   140 ||   225
Block: Other             |       |    20 ||    20
